 Dungeon Crawl Stone Soup version 0.21.1-1-g345015fe64 (webtiles) character file.

37 Dasatrys the Poker (level 3, -1/29 HPs)
             Began as a Merfolk Fighter on July 29, 2018.
             Slain by a worm (8 damage)
             ... on level 2 of the Dungeon.
             The game lasted 00:04:32 (1062 turns).

Dasatrys the Poker (Merfolk Fighter)                Turns: 1062, Time: 00:04:33

Health: -1/29      AC:  7    Str: 17    XL:     3   Next: 39%
Magic:  3/3        EV:  7    Int:  7    God:    Xom [....*.]
Gold:   58         SH:  9    Dex: 13    Spells: 2/2 levels left

rFire    . . .     SeeInvis .   a - +0 trident
rCold    . . .     Gourm    +   c - +0 shield
rNeg     . . .     Faith    .   b - +0 scale mail
rPois    .         Spirit   .   (no helmet)
rElec    .         Reflect  .   (no cloak)
rCorr    .         Harm     .   (no gloves)
MR       .....                  i - +0 pair of boots
Stlth    ..........             j - amulet of the gourmand
HPRegen  0.09/turn              (no ring)
MPRegen  0.08/turn              (no ring)

@: no status effects
A: change form in water, swift swim, stealthy swim
a: Renounce Religion


You were on level 2 of the Dungeon.
You worshipped Xom.
You were a beloved toy of Xom.
You were hungry.

You visited 1 branch of the dungeon, and saw 2 of its levels.

You collected 58 gold pieces.

Inventory:

Hand Weapons
 a - a +0 trident (weapon)
Armour
 b - a +0 scale mail (worn)
 c - a +0 shield (worn)
 i - a +0 pair of boots (worn)
Jewellery
 j - an amulet of the gourmand (around neck)
Scrolls
 e - a scroll of amnesia {unknown}
Potions
 d - a potion of might
 h - 5 potions of curing {unknown}
Comestibles
 f - 2 rations
 g - 2 chunks of flesh


   Skills:
 + Level 3.5 Fighting
 + Level 4.0 Polearms
 * Level 2.4 Armour
 * Level 1.1 Dodging
 + Level 3.1 Shields


You had 2 spell levels left.
You didn't know any spells.

Dungeon Overview and Level Annotations

Branches:
Dungeon (2/15)

Altars:
Elyvilon
Uskayaw
Xom


Message History

You kill the giant cockroach!
The gnoll barely misses you. The gnoll hits you with a club.
* * * LOW HITPOINT WARNING * * *
Your butterfly disappears in a puff of smoke!
Found a hide-covered altar of Uskayaw.
You barely miss the gnoll. The gnoll hits you with a club.
* * * LOW HITPOINT WARNING * * *
You puncture the gnoll!
The gnoll is severely wounded.
You block the gnoll's attack.
You hit the gnoll.
The gnoll is almost dead.
You block the kobold's attack. The gnoll hits you but does no damage.
You see here a worm corpse.
You hit the kobold.
You kill the kobold!
You are feeling hungry.
The worm bites you!
You die...

#..._.# #..)...
..... ... ###.### ..
#.....# #...
#.....##..... ∆
########.w...†......
#>......@)g..####...
###.######.....#
#...# ###.###
###.#.# #.#
##.....## #.#
##.......## #.# ∆
#...≈≈≈...######.#
#..≈≈≈≈≈........>#
#..≈≈♣≈≈..#####..


You could see a worm and a gnoll.

Vanquished Creatures
  2 gnolls (D:2)
  A worm (D:2)
  3 giant cockroaches
  A goblin (D:2)
  2 hobgoblins (D:1)
  2 kobolds
  2 bats
  2 frilled lizards
  A rat (D:2)
16 creatures vanquished.

Notes
Turn   | Place    | Note
-------+----------+-------------------------------------------
     0 | D:1      | Dasatrys the Merfolk Fighter began the quest for the Orb.
     0 | D:1      | Reached XP level 1. HP: 18/18 MP: 1/1
    17 | D:1      | Found a shimmering altar of Xom.
    26 | D:1      | Became a worshipper of Xom of Chaos
   369 | D:1      | XOM: divination: detect creatures
   378 | D:1      | XOM: harmless Hex miscast
   381 | D:1      | XOM: silly message
   384 | D:1      | XOM: silly message
   413 | D:1      | XOM: divination: detect creatures
   419 | D:1      | Reached XP level 2. HP: 21/24 MP: 2/2
   767 | D:1      | XOM: summons 1 hostile demon
   773 | D:1      | XOM: butterfly on damage
   909 | D:1      | XOM: god gift: 22 bolts
   988 | D:2      | Found a white marble altar of Elyvilon.
  1022 | D:2      | XOM: divination: detect items
  1037 | D:2      | XOM: butterfly on damage
  1039 | D:2      | XOM: enchant monster (good)
  1044 | D:2      | Reached skill level 1 in Dodging
  1044 | D:2      | Reached XP level 3. HP: 8/29 MP: 3/3
  1048 | D:2      | Reached skill level 4 in Polearms
  1056 | D:2      | Found a hide-covered altar of Uskayaw.
  1062 | D:2      | Slain by a worm

Skill      XL: |  1  2  3 |
---------------+----------+-----
Dodging        | 1 |  1.1
Polearms       | 4 |  4.0
Fighting       | |  3.5
Armour         | |  2.4
Shields        | |  3.1

Action                   || total
-------------------------++-------
Melee: Trident           ||    63
Armor: Scale mail        ||    29
Dodge: Dodged            ||    25
Block: Shield            ||    33
